 Dungeon Sprint DCSS version 0.20-a0-472-g5c05303 (webtiles) character file.

310 Hipnos the Summoner (level 6, 0/34 HPs)
             Began as a Deep Elf Summoner on Jan 14, 2017.
             Was a Follower of Sif Muna.
             Slain by a deep troll (25 damage)
             ... in the Dungeon (Sprint I: "Red Sonja").
             The game lasted 00:10:44 (837 turns).

Hipnos the Summoner (Deep Elf Summoner)              Turns: 837, Time: 00:10:45

Health: 0/34       AC:  2    Str:  5    XL:     6   Next: 17%
Magic:  0/20       EV: 15    Int: 22    God:    Sif Muna [*.....]
Gold:   405        SH:  0    Dex: 17    Spells: 16/23 levels left

rFire  . . .     SeeInvis .     j - +0 scythe
rCold  . . .     Gourm    .     a - +0 robe
rNeg   . . .     Faith    .     (shield currently unavailable)
rPois  .         Spirit   .     (no helmet)
rElec  .         Reflect  .     (no cloak)
rCorr  .         Harm     .     (no gloves)
MR     .....     NoTele   +     (no boots)
Stlth  +++.......               (no amulet)
                                (no ring)
                                m - +2 ring of dexterity

@: no status effects
A: no striking features
a: Divine Energy, Renounce Religion


You were in the Dungeon.
You worshipped Sif Muna.
Sif Muna was aware of your devotion.
You were not hungry.

You visited 1 branch You collected 405 gold pieces.

Inventory:

Hand Weapons
 j - a +0 scythe (weapon)
Armour
 a - a +0 robe (worn)
Jewellery
 m - a +2 ring of dexterity (left hand)
Scrolls
 i - a scroll of blinking
 k - a scroll of random uselessness {unknown}
 l - a scroll of amnesia {unknown}
Potions
 d - a potion of curing
 f - a potion of haste
 g - a potion of magic
 h - a potion of berserk rage
Books
 b - a book of Callings

   Spells                             Type                      Level
   a - Summon Small Mammal            Summoning                    1
   b - Call Imp                       Summoning                    2
   c - Call Canine Familiar           Summoning                    3
   d - Summon Guardian Golem          Hexes/Summoning              3
   e - Summon Lightning Spire         Summoning/Air                4
   f - Summon Ice Beast               Ice/Summoning                4
Comestibles
 c - a bread ration


   Skills:
 + Level 1.2 Fighting
 + Level 4.8 Dodging
 + Level 5.2 Stealth
 + Level 9.4 Spellcasting
 + Level 11.2 Summonings
 + Level 1.0 Ice Magic


You had 16 spell levels left.
You knew the following spells:

 Your Spells              Type           Power        Failure   Level  Hunger
a - Summon Small Mammal   Summ           ####         1%          1    None
b - Call Imp              Summ           ######..     1%          2    None
c - Summon Ice Beast      Ice/Summ       #####...     6%          4    ##.....


Dungeon Overview and Level Annotations

Branches:
Dungeon (1/1)

Altars:
Cheibriados
Dithmenos
Elyvilon
Fedhas
Gozag
Hepliaklqana
Kikubaaqudgha
Makhleb
Nemelex Xobeh
Okawaru
Qazlal
Ru
Sif Muna
Trog
Uskayaw
Vehumet
Xom
Yredelemnul
Zin
The Shining One
Jiyva
Lugonu

Shops:
D :

Annotations:
D Sonja


Message History

Your crimson imp hits the deep troll.
Casting: Call Imp
Confirm with . or Enter, or press ? or * to list all spells.
A chill wind blows around you.
Your white imp misses the deep troll.
You swap places.
The deep troll barely misses your ice beast.
The deep troll claws your ice beast! The deep troll claws your ice beast.
Your crimson imp barely misses the deep troll.
Your ice beast barely misses the deep troll.
Your ice beast barely misses the deep troll.
There is an open door here.
Your ice beast hits the deep troll but does no damage.
There is an open door here.
You feel much better.
Casting: Summon Ice Beast
Confirm with . or Enter, or press ? or * to list all spells.
A beastly little devil appears in a puff of flame.
The deep troll bites you!!
Ouch! That really hurt!
You die...

###################
#<.#.)'.5#5Y'..#__#
#..'..#..'..#..'^.+
#..#####'#####Y#__#
#..####..#...#5####
#..#__####..##T#
#..#_____##'#@5+
#⌠⌠#_.∩...'..._#
####_..__##_.#'#
#_____###'#.#
#########.####+###
+.(.'$$.$$+
#...####### ##.##
#+#


You could see a deep troll, a friendly ice beast and 2 friendly crimson imps.

Vanquished Creatures (collateral kills)
  A slime creature (D)
  Sigmund (D)
  A yak (D)
  An ogre (D)
  A jelly (D)
  Ijyb (D)
6 creatures vanquished.

Vanquished Creatures (others)
  A gargoyle (D)
1 creature vanquished.

Grand Total: 7 creatures vanquished

Notes
Turn   | Place    | Note
-------+----------+-------------------------------------------
     0 | D        | Hipnos the Deep Elf Summoner began the quest for the Orb.
     0 | D        | Reached XP level 1. HP: 10/10 MP: 6/6
     1 | D        | Noticed Ijyb
    21 | D        | Killed Ijyb
    21 | D        | Reached skill level 6 in Summonings
    21 | D        | Reached XP level 2. HP: 5/15 MP: 5/8
    30 | D        | Learned a level 2 spell: Call Imp
   217 | D        | Noticed an ogre
   223 | D        | Killed an ogre
   223 | D        | Reached skill level 7 in Summonings
   223 | D        | Reached XP level 3. HP: 20/20 MP: 3/11
   307 | D        | Noticed Sigmund
   316 | D        | Killed Sigmund
   316 | D        | Reached skill level 1 in Fighting
   316 | D        | Reached skill level 9 in Summonings
   316 | D        | Reached XP level 4. HP: 7/25 MP: 6/14
   369 | D        | Killed a gargoyle
   546 | D        | Learned a level 4 spell: Summon Ice Beast
   546 | D        | Found a deep blue altar of Sif Muna.
   548 | D        | Found a radiant altar of Vehumet.
   564 | D        | Reached XP level 5. HP: 29/29 MP: 6/16
   577 | D        | Became a worshipper of Sif Muna the Loreminder
   632 | D        | Found Tel Qirch's Book Emporium.
   632 | D        | Found an ancient bone altar of Kikubaaqudgha.
   632 | D        | Found a hazy altar of Hepliaklqana.
   632 | D        | Found a stormy altar of Qazlal.
   632 | D        | Found a hide-covered altar of Uskayaw.
   632 | D        | Found a blossoming altar of Fedhas.
   632 | D        | Found a bloodstained altar of Trog.
   632 | D        | Found an iron altar of Okawaru.
   632 | D        | Found a basalt altar of Yredelemnul.
   632 | D        | Found a glowing golden altar of the Shining One.
   632 | D        | Found a snail-covered altar of Cheibriados.
   632 | D        | Found a sacrificial altar of Ru.
   632 | D        | Found a glowing silver altar of Zin.
   632 | D        | Found a shadowy altar of Dithmenos.
   632 | D        | Found a white marble altar of Elyvilon.
   632 | D        | Noticed a yak
   646 | D        | Killed a yak
   646 | D        | Reached * piety under Sif Muna
   646 | D        | Reached skill level 10 in Summonings
   649 | D        | Found an opulent altar of Gozag.
   650 | D        | Found a sparkling altar of Nemelex Xobeh.
   668 | D        | Found a burning altar of Makhleb.
   668 | D        | Found a viscous altar of Jiyva.
   668 | D        | Found a shimmering altar of Xom.
   668 | D        | Found a corrupted altar of Lugonu.
   668 | D        | Noticed a slime creature
   679 | D        | Killed a slime creature
   679 | D        | Reached skill level 5 in Stealth
   679 | D        | Reached skill level 11 in Summonings
   679 | D        | Reached skill level 1 in Ice Magic
   679 | D        | Reached XP level 6. HP: 31/34 MP: 15/20
   688 | D        | Noticed Sonja
   756 | D        | Noticed a deep troll
   825 | D        | HP: 1/34 [deep troll (14)]
   837 | D        | Slain by a deep troll

Vault maps used:
D:        dungeon_sprint_1

Skill      XL: |  1  2  3  4  5 |
---------------+----------------+-----
Summonings     | 6 7 9 11 | 11.2
Dodging        | 3 4 |  4.8
Stealth        | 3 4 5 |  5.2
Spellcasting   | 4 6 7 9 |  9.4
Fighting       | 1 |  1.2
Ice Magic      | 1 |  1.0

Action                   |  1- 3 |  4- 6 || total
-------------------------+-------+-------++-------
Melee: Unarmed           |     7 |       ||     7
 Cast: Summon Small Mamm |     3 |       ||     3
       Call Imp          |     6 |    24 ||    30
       Summon Ice Beast  |       |     6 ||     6
  Use: Potion            |       |     2 ||     2
 Stab: Sleeping          |     1 |       ||     1
Armor: Robe              |       |     3 ||     3
Dodge: Dodged            |     6 |    16 ||    22
